 Dungeon Crawl Stone Soup version 0.29-a0-1033-gb6c65ffae6 (webtiles) character file.

Game seed: 13790732709506818834

5694 purpskrrrp the Chopper (level 10, -3/77 HPs)
             Began as a Demonspawn Abyssal Knight on Aug 14, 2022.
             Was an Elder of Lugonu.
             Killed by divine providence
             ... invoked by an orc priest
              (13 damage)
             ... on level 10 of the Dungeon.
             The game lasted 00:26:38 (10129 turns).

purpskrrrp the Chopper (Demonspawn Abyssal Knight) Turns: 10129, Time: 00:26:39

Health: -3/77      AC: 18    Str: 18    XL:     10   Next: 47%
Magic:  15/15      EV: 12    Int: 11    God:    Lugonu [****..]
Gold:   289        SH:  3    Dex: 14    Spells: 9/9 levels left

rFire   . . .      SeeInvis .   p - +4 mace (chaos)
rCold   + . .      Faith    .   q - +0 buckler
rNeg    . . .      Spirit   .   l - +4 chain mail {rC+}
rPois   .          Reflect  .   (no helmet)
rElec   .          Harm     .   (no cloak)
rCorr   .          Rampage  .   F - +0 pair of gloves
Will    .....                   (no boots)
Stlth   ..........              (no amulet)
HPRegen 0.22/turn               r - +4 ring of slaying
MPRegen 0.14/turn               m - +4 ring of evasion

@: lethally poisoned (-3 -> -13)
A: hooves 2, icy blue scales 2, foul stench 2, demonic magic 1
a: Renounce Religion, Depart the Abyss, Bend Space, Banish, Corrupt


You were on level 10 of the Dungeon.
You worshipped Lugonu.
Lugonu was greatly pleased with you.
You visited 1 branch of the dungeon, and saw 10 of its levels.
You visited the Abyss 1 time.

You collected 499 gold pieces.
You spent 210 gold pieces at shops.

Inventory:

Hand Weapons
 a - a +1 hand axe
 e - a +2 short sword of freezing
 p - a +4 mace of chaos (weapon)
 x - a +5 flail
 B - a +0 glaive
Armour
 b - a +3 leather armour
 l - a +4 chain mail of cold resistance (worn)
 q - a +0 buckler (worn)
 s - a +0 chain mail of willpower
 F - a +0 pair of gloves (worn)
Jewellery
 g - a ring of magical power
 k - a +6 ring of intelligence
 m - a +4 ring of evasion (right hand)
 r - a +4 ring of slaying (left hand)
 z - a ring of wizardry
 E - a +4 ring of evasion
Wands
 w - a wand of mindburst (34)
 I - a wand of light (13)
 L - a wand of iceblast (6)
 P - a wand of charming (7)
 Q - a wand of flame (10)
Scrolls
 i - 2 scrolls of noise
 j - 2 scrolls of vulnerability
 o - 3 scrolls of fog
 y - a scroll of poison
 D - a scroll of enchant armour
 G - 3 scrolls of teleportation
 H - 5 scrolls of identify
 J - a scroll of enchant weapon
Potions
 c - a potion of heal wounds
 d - 5 potions of curing
 f - 3 potions of attraction
 h - a potion of lignification {unknown}
 n - a potion of resistance {unknown}
 t - 3 potions of degeneration {unknown}
 u - 2 potions of cancellation
 v - a potion of ambrosia {unknown}
 A - 3 potions of brilliance
 C - 3 potions of might {unknown}
 K - 3 potions of invisibility {unknown}
 M - a potion of magic {unknown}
 O - a potion of flight {unknown}
Miscellaneous
 N - a box of beasts


   Skills:
 + Level 6.4 Fighting
 + Level 4.7 Short Blades
 * Level 7.7 Axes
 + Level 5.4 Armour
 + Level 5.2 Dodging
 + Level 5.3 Stealth
 + Level 7.0 Invocations


You had 9 spell levels left.
You didn't know any spells.
Your spell library contained the following spells:

 Spells                   Type           Power      Damage    Failure   Level
 Call Canine Familiar     Summ           0%         N/A       100%        3
 Frozen Ramparts          Ice            0%         1d1       100%        3
 Gell's Gravitas          Tloc           0%         N/A       100%        3
 Inner Flame              Hex/Fire       0%         N/A       100%        3
 Lesser Beckoning         Tloc           0%         N/A       100%        3
 Ozocubu's Armour         Ice            0%         N/A       100%        3
 Portal Projectile        Hex/Tloc       0%         N/A       100%        3
 Teleport Other           Tloc           0%         N/A       100%        3
 Tukima's Dance           Hex            0%         N/A       100%        3
 Cause Fear               Hex            0%         N/A       100%        4
 Ice Form                 Ice/Tmut       0%         N/A       100%        4
 Leda's Liquefaction      Hex/Erth       0%         N/A       100%        4
 Summon Ice Beast         Ice/Summ       0%         N/A       100%        4
 Blade Hands              Tmut           0%         N/A       100%        5
 Ozocubu's Refrigeration  Ice            0%         4d7       100%        7
 Discord                  Hex            0%         N/A       100%        8


Dungeon Overview and Level Annotations

Branches:
Dungeon (10/15)            Temple (0/1) D:7            Lair (0/5) D:8
    Orc (0/2) D:10

Altars:
Fedhas
Hepliaklqana
Nemelex Xobeh
Okawaru
Ru
Vehumet

Shops:
D:2 *   D:6 [

Annotations:
D:6 3 runed translucent doors, greenreed's ghost, novice GnMo
Abyss:1 Sonja


Innate Abilities, Weirdness & Mutations

You have hoof-like feet.
You are mostly covered in icy blue scales. (AC +3)
You sometimes emit foul miasma when damaged in melee.
Spells you cast may paralyse adjacent enemies.


Message History

You hit the orc warrior.
The orc warrior is poisoned.
You kick the orc warrior.
The orc warrior is moderately wounded.
The orc warrior hits you with a +0 dire flail.
You hit the orc warrior. Your kick misses the orc warrior.
The orc warrior is severely wounded.
The orc warrior hits you with a +0 dire flail!
You hit the orc warrior.
The orc warrior seems to grow stronger.
You kick the orc warrior, but do no damage.
The orc warrior is severely wounded.
The orc warrior barely misses you.
You sock the orc warrior! You freeze the orc warrior.
You kill the orc warrior!
Lugonu accepts your kill.
You hear some strange, mumbled words.
You are confused.
You hear some strange, mumbled words.
Something tries to affect you, but you resist.
You are engulfed in poison gas.
You are poisoned.
You feel very sick.
The orc priest is engulfed in poison gas.
The orc priest is poisoned.
The orc priest looks satisfied for a moment.
You are engulfed in poison gas.
You are lethally poisoned!
* * * LOW HITPOINT WARNING * * *
x2 You feel very sick.
The orc is engulfed in poison gas.
The orc is poisoned.
The orc priest is engulfed in poison gas.
The orc priest looks even sicker.
The orc priest calls upon Beogh to heal the orc priest.
The orc priest is healed somewhat.
You feel better.
You are engulfed in poison gas.
You are poisoned.
* * * LOW HITPOINT WARNING * * *
x2 You feel very sick.
The orc priest is engulfed in poison gas.
The orc priest looks even sicker.
The orc priest calls down the wrath of Beogh upon you.
Beogh smites you!
You die... ....#......(........# #.# ###...#####.##.###.## # ##.######.##.###.# ####..}........##☼.# ##.# #...........#####☼.# ...## #.##############§°.# ...8# o #.######.....§☼§§☼## ....#.o .........######○°☼####### .>.oooo

.†..####.# #○@○.o.°oo# .{.!#
#.#.# #.# #§§§#####.##..(8#
#.#.# #.# #○○○####.......#
#.#.####.######○☼§##....$....#
#.............§☼§§##.#..######
#........######☼####.#..#
#...####### #§. . #..#
........... #§ # #..#
###.####### .. ...#


You could see 2 orc priests and an orc (poisoned).

Vanquished Creatures
  4 yaks (D:9)
  A wyvern (D:9)
  A basilisk (D:8)
  A steam dragon (D:9)
  2 vampire mosquitoes (D:8)
  An acid dragon (D:8)
  3 water moccasins (D:7)
  2 orc warriors
  2 sky beasts
  2 ice beasts
  A black bear (D:5)
  3 ogres
  A phantom (D:7)
  2 centaurs
  Blork the orc (D:4)
  A kobold brigand (D:9)
  2 necrophages
  3 bullfrogs
  A scorpion (D:6)
  4 wights (D:6)
  6 killer bees
  A howler monkey (D:7)
  A jelly (D:6)
  2 orc priests (D:8)
  5 hounds
  3 iguanas
  Ijyb (D:3)
  7 orc wizards
  4 adders
  A shadow imp (D:4)
  3 white imps
  2 ufetubi
  3 worms
  26 orcs
  5 bats
  3 endoplasms
  4 giant cockroaches
  11 goblins
  8 hobgoblins
  3 jackals (D:3)
  12 kobolds
  3 quokkas
  7 ball pythons
  3 frilled lizards
  2 rats (D:1)
164 creatures vanquished.

Vanquished Creatures (others)
  A plant (D:8)
1 creature vanquished.

Grand Total: 165 creatures vanquished

Notes
Turn   | Place    | Note
-------+----------+-------------------------------------------
     0 | Abyss:1  | purpskrrrp the Demonspawn Abyssal Knight began the quest
                  | for the Orb.
     0 | Abyss:1  | Reached XP level 1. HP: 18/18 MP: 2/2
     0 | Abyss:1  | Found a corrupted altar of Lugonu.
    14 | D:1      | Escaped the Abyss
    66 | D:1      | Reached skill level 1 in Dodging
    79 | D:1      | Gained mutation: You may rarely emit foul miasma when
                  | damaged in melee. [demonic ancestry]
    79 | D:1      | Reached XP level 2. HP: 14/24 MP: 3/3
  1110 | D:2      | Reached XP level 3. HP: 29/29 MP: 4/4
  1603 | D:2      | Reached skill level 1 in Stealth
  1615 | D:2      | Found Qovykhei's General Store.
  1897 | D:3      | Found a faded altar of an unknown god.
  2303 | D:3      | Gained mutation: You are partially covered in icy blue
                  | scales. (AC +2) [demonic ancestry]
  2303 | D:3      | Reached XP level 4. HP: 35/35 MP: 5/5
  2466 | D:3      | Noticed Ijyb
  2486 | D:3      | Killed Ijyb
  2486 | D:3      | Reached *** piety under Lugonu
  3100 | D:3      | You fall into a shaft and drop 2 floors!
  3100 | D:5      | Entered Level 5 of the Dungeon
  3259 | D:4      | Noticed an ice beast
  3263 | D:4      | Noticed Blork the orc
  3265 | D:4      | Noticed a necrophage
  3285 | D:4      | Killed an ice beast
  3286 | D:4      | Reached skill level 1 in Short Blades
  3286 | D:4      | Gained mutation: You have large cloven feet. [demonic
                  | ancestry]
  3286 | D:4      | Reached XP level 5. HP: 42/42 MP: 6/6
  3304 | D:4      | Gained mutation: You sometimes emit foul miasma when
                  | damaged in melee. [demonic ancestry]
  3304 | D:4      | Reached XP level 6. HP: 47/48 MP: 7/7
  3311 | D:4      | Killed Blork the orc
  4013 | D:5      | Gained mutation: You have hoof-like feet. [demonic
                  | ancestry]
  4013 | D:5      | Reached XP level 7. HP: 54/54 MP: 9/9
  4313 | D:5      | Reached **** piety under Lugonu
  4743 | D:6      | Found Zugik's Antique Armour Emporium.
  4748 | D:6      | Bought a runed chain mail for 210 gold pieces
  4848 | D:6      | Gained mutation: You are mostly covered in icy blue scales.
                  | (AC +3) [demonic ancestry]
  4848 | D:6      | Reached XP level 8. HP: 59/61 MP: 10/10
  5033 | D:6      | Found a runed translucent gate.
  5033 | D:6      | Found a runed translucent gate.
  5034 | D:6      | Found a runed translucent gate.
  5034 | D:6      | Noticed greenreed's ghost (novice GnMo)
  5041 | D:6      | Noticed a kobold demonologist
  5073 | D:6      | Reached skill level 5 in Axes
  5256 | D:6      | Found a sacrificial altar of Ru.
  5468 | D:6      | Reached skill level 5 in Fighting
  5578 | D:6      | Found a blossoming altar of Fedhas.
  5973 | D:7      | Reached skill level 5 in Invocations
  6200 | D:7      | Gained mutation: Spells you cast may paralyse adjacent
                  | enemies. [demonic ancestry]
  6200 | D:7      | Reached XP level 9. HP: 63/68 MP: 12/12
  6456 | D:7      | Found a staircase to the Ecumenical Temple.
  6779 | D:8      | Found a staircase to the Lair.
  6779 | D:8      | Noticed an elephant
  7432 | D:8      | Found an iron altar of Okawaru.
  8637 | D:9      | Reached skill level 5 in Armour
  8637 | D:9      | Reached XP level 10. HP: 36/76 MP: 14/14
  8839 | D:9      | Found a radiant altar of Vehumet.
  8977 | D:9      | Reached ***** piety under Lugonu
  9524 | D:9      | Found a hazy altar of Hepliaklqana.
  9526 | D:9      | Found a sparkling altar of Nemelex Xobeh.
  9604 | D:9      | Reached skill level 5 in Stealth
  9688 | D:10     | Entered Level 10 of the Dungeon
  9688 | D:10     | Noticed Sonja
  9782 | D:10     | Banished Sonja
  9783 | D:10     | Reached skill level 5 in Dodging
  9962 | D:10     | Noticed a two-headed ogre
  9964 | D:10     | Banished a two-headed ogre
 10110 | D:10     | Found a staircase to the Orcish Mines.
 10129 | D:10     | Killed from afar by an orc priest

Illustrated notes

Levels and vault maps discovered:
D:1:      beargit_arrival_greenhouse, layout_basic
D:2:      layout_loops_ring, serial_shops, nicolae_diamond_shop
D:3:      kennysheep_goblin_castle, layout_basic, marbit_many_paths,
          shapermc_ecumenical_altar_mp_urbaneastern, minmay_misc_feat_enclosed,
          st_stairs_5
D:4:      layout_loops_cross, minmay_ruptured, uniq_blork_the_orc
D:5:      layout_loops_ring
D:6:      layout_basic, mainiacjoe_overflow_brackets, nicolae_ru_awakened_eye,
          gammafunk_ghost_nasty_kobolds, serial_shops, nicolae_stop_n_shop_1
D:7:      layout_loops_corners, minmay_temple_entry_butterflies
D:8:      layout_basic, amcnicky_altar_gilded, david_lair_generic
D:9:      layout_loops_corners, nicolae_overflow_hidden_temple,
          chequers_serial_rivers_large_b
D:10:     minmay_cornered_nines, layout_loops_ring,
          minmay_orc_entry_temple_small, uniq_sonja

Skill      XL: |  1  2  3  4  5  6  7  8  9 10 |
---------------+-------------------------------+-----
Dodging        | 1 2 3 4 5 |  5.2
Axes           | 2 3 4 5 7 |  7.7
Armour         | 2 3 4 5 |  5.4
Stealth        | 1 2 3 4 5 |  5.3
Short Blades   | 1 2 3 4 |  4.7
Fighting       | 4 5 6 |  6.4
Invocations    | 3 5 6 7 |  7.0

Action                   |  1- 3 |  4- 6 |  7- 9 | 10-12 || total
-------------------------+-------+-------+-------+-------++-------
Melee: Hand axe          |    42 |       |       |       ||    42
       Short sword       |    57 |    35 |       |       ||    92
       Mace              |       |    97 |   204 |    38 ||   339
       Punch             |       |     1 |       |       ||     1
       Kick              |       |    20 |    60 |    11 ||    91
Invok: Depart the Abyss  |     1 |       |       |       ||     1
       Bend Space        |       |       |     4 |       ||     4
       Banish            |       |       |       |     2 ||     2
  Use: Scroll            |     6 |     5 |    10 |     1 ||    22
       Potion            |       |       |     2 |     1 ||     3
 Stab: Sleeping          |       |     2 |       |       ||     2
Armor: Leather armour    |    45 |    53 |       |       ||    98
       Chain mail        |       |     7 |   118 |    31 ||   156
Dodge: Dodged            |    63 |    82 |   118 |    30 ||   293
Block: Buckler           |       |    11 |    30 |     7 ||    48

Table legend: (Time is in decaauts)
 A = Elapsed time spent in this place.
 B = Non-inter-level travel time spent in this place.
 C = Inter-level travel time spent in this place.
 D = Time resting spent in this place.
 E = Time spent auto-exploring this place.
 F = Levels seen in this place.
 G = Mean time per level.
                   A        B        C        D        E       F      G
               +--------+--------+--------+--------+--------+-----+--------+
         Total |  10268 |   9990 |    278 |    820 |   7537 |  12 |  855.7 |
       Dungeon |  10255 |   9977 |    278 |    820 |   7537 |  10 | 1025.5 |
         Abyss |     13 |     13 |      0 |      0 |      0 |   2 |    6.5 |
               +--------+--------+--------+--------+--------+-----+--------+

Top non-repeatable levels by time:
     D:8: 1589 daAuts
     D:9: 1466 daAuts
     D:3: 1350 daAuts
     D:1: 1094 daAuts
     D:6: 1064 daAuts
     D:7: 998 daAuts
     D:4: 850 daAuts
     D:5: 831 daAuts
     D:2: 657 daAuts
    D:10: 352 daAuts
 Abyss:1: 9 daAuts
 Abyss:2: 4 daAuts
